TOP OF THE 1ST |
Colorado Rockies batting - Pitching for Seattle Mariners : LHP Angel Contreras
|
Pitching: LHP Angel Contreras
|
|
Batting: RHB Joel Haycock
|
0-0: Called Strike 0-1: Ball 1-1: Ball 2-1: Called Strike 2-2: Ball 3-2: SOLO HOME RUN (Flyball, 7D, EV 106.2 MPH), Distance : 380 ft
|
Batting: RHB Roberto Rodriguez
|
0-0: Ground out 6-3 (Groundball, 6S, EV 73.1 MPH)
|
Batting: SHB Chris Blue
|
0-0: Ball 1-0: Ball 2-0: Foul Ball, location: 2F 2-1: Foul Ball, location: 2F 2-2: Foul Ball, location: 2F 2-2: Fly out, F7 (Flyball, 7S, EV 93.8 MPH)
|
Batting: RHB Jason Andrews
|
0-0: Called Strike 0-1: Ground out 6-3 (Groundball, 6, EV 81.2 MPH)
|
Top of the 1st over - 1 run, 1 hit, 0 errors, 0 left on base; Colorado 1 - Seattle 0 |
BOTTOM OF THE 1ST |
Seattle Mariners batting - Pitching for Colorado Rockies : RHP Link Zeller
|
Pitching: RHP Link Zeller
|
|
Batting: RHB Jose Vasquez
|
0-0: Called Strike 0-1: Ball 1-1: Ball 2-1: Called Strike 2-2: Foul Ball, location: 2F 2-2: Strikes out swinging
|
Batting: LHB Dae-ik Yoon
|
0-0: Called Strike 0-1: Ball 1-1: Foul Ball, location: 2F 1-2: Strikes out swinging
|
Batting: SHB Floyd-William Goof
|
0-0: Ground out 4-3 (Groundball, 4, EV 77.5 MPH)
|
Bottom of the 1st over - 0 runs, 0 hits, 0 errors, 0 left on base; Colorado 1 - Seattle 0 |
TOP OF THE 2ND |
Colorado Rockies batting - Pitching for Seattle Mariners : LHP Angel Contreras
|
Batting: RHB Sterling Acosta
|
0-0: Ball 1-0: Ball 2-0: Called Strike 2-1: Called Strike 2-2: Strikes out swinging
|
Batting: RHB Leo Mair
|
0-0: Called Strike 0-1: SOLO HOME RUN (Flyball, 7LD, EV 90.0 MPH), Distance : 343 ft
|
Batting: RHB Rico Coss
|
0-0: Swinging Strike 0-1: Foul Ball, location: 2F 0-2: Strikes out swinging
|
Batting: LHB Fabiano Perrolas
|
0-0: Called Strike 0-1: Foul Ball, location: 2F 0-2: Ball 1-2: Ground out 6-3 (Groundball, 6, EV 104.4 MPH)
|
Top of the 2nd over - 1 run, 1 hit, 0 errors, 0 left on base; Colorado 2 - Seattle 0 |
BOTTOM OF THE 2ND |
Seattle Mariners batting - Pitching for Colorado Rockies : RHP Link Zeller
|
Batting: SHB Tze-meng Gan
|
0-0: Ball 1-0: Ball 2-0: Foul Ball, location: 2F 2-1: Called Strike 2-2: Ball 3-2: Strikes out looking
|
Batting: LHB Bi-jun Chien
|
0-0: Ball 1-0: Foul Ball, location: 2F 1-1: Called Strike 1-2: Strikes out swinging
|
Batting: RHB Steve Bartman Jr.
|
0-0: DOUBLE (Line Drive, 89D, EV 115.0 MPH)
|
Batting: LHB John Zumbo
|
0-0: Called Strike 0-1: Swinging Strike 0-2: Strikes out swinging
|
Bottom of the 2nd over - 0 runs, 1 hit, 0 errors, 1 left on base; Colorado 2 - Seattle 0 |
TOP OF THE 3RD |
Colorado Rockies batting - Pitching for Seattle Mariners : LHP Angel Contreras
|
Batting: LHB Robert Watson
|
0-0: Ball 1-0: Foul Ball, location: 2F 1-1: Ball 2-1: Ground out 4-3 (Groundball, 4, EV 108.8 MPH)
|
Batting: RHB Joel Haycock
|
0-0: Ball 1-0: Ground out U3 (Groundball, 3L, EV 88.8 MPH)
|
Batting: RHB Roberto Rodriguez
|
0-0: Ball 1-0: Called Strike 1-1: Swinging Strike 1-2: Foul Ball, location: 2F 1-2: Strikes out swinging
|
Top of the 3rd over - 0 runs, 0 hits, 0 errors, 0 left on base; Colorado 2 - Seattle 0 |
BOTTOM OF THE 3RD |
Seattle Mariners batting - Pitching for Colorado Rockies : RHP Link Zeller
|
Batting: RHB Young-kwang Ohnn
|
0-0: TRIPLE (Flyball, 89XD, EV 98.8 MPH)
|
Batting: RHB Corey Ottinger
|
0-0: Ball 1-0: Swinging Strike 1-1: Ball 2-1: Swinging Strike 2-2: Ball 3-2: Foul Ball, location: 2F 3-2: Foul Ball, location: 2F 3-2: Ground out 3-1 (Groundball, 34S, EV 83.8 MPH) Young-kwang Ohnn scores
|
Batting: RHB Jose Vasquez
|
0-0: Ball 1-0: Foul Ball, location: 2F 1-1: Foul Ball, location: 2F 1-2: Strikes out swinging
|
Batting: LHB Dae-ik Yoon
|
0-0: Called Strike 0-1: Ball 1-1: Foul Ball, location: 2F 1-2: Ball 2-2: Ball 3-2: Base on Balls
|
Batting: SHB Floyd-William Goof
|
0-0: Ball 1-0: Foul Ball, location: 2F 1-1: Called Strike 1-2: Foul Ball, location: 2F 1-2: Ball 2-2: SINGLE (Flyball, 89S, EV 98.8 MPH) Dae-ik Yoon to second Runner from 2nd tries for 3rd, SAFE, throw by CF made to third
|
Batting: SHB Tze-meng Gan
|
0-0: Ball 1-0: Foul Ball, location: 2F 1-1: Ball 2-1: Called Strike Floyd-William Goof is caught stealing 2nd base 2-6
|
Bottom of the 3rd over - 1 run, 2 hits, 0 errors, 1 left on base; Colorado 2 - Seattle 1 |
TOP OF THE 4TH |
Colorado Rockies batting - Pitching for Seattle Mariners : LHP Angel Contreras
|
Batting: SHB Chris Blue
|
0-0: Ball 1-0: Foul Ball, location: 2F 1-1: Ball 2-1: Fly out, F8 (Flyball, 89S, EV 95.0 MPH)
|
Batting: RHB Jason Andrews
|
0-0: Ball 1-0: Ball 2-0: Fly out, F5 (Popup, 5SF, EV 80.0 MPH)
|
Batting: RHB Sterling Acosta
|
0-0: Fly out, F9 (Flyball, 9LM, EV 93.1 MPH)
|
Top of the 4th over - 0 runs, 0 hits, 0 errors, 0 left on base; Colorado 2 - Seattle 1 |
BOTTOM OF THE 4TH |
Seattle Mariners batting - Pitching for Colorado Rockies : RHP Link Zeller
|
Batting: SHB Tze-meng Gan
|
0-0: Foul Ball, location: 2F 0-1: Ball 1-1: Ball 2-1: Foul Ball, location: 2F 2-2: Strikes out swinging
|
Batting: LHB Bi-jun Chien
|
0-0: Called Strike 0-1: Foul Ball, location: 2F 0-2: Foul Ball, location: 2F 0-2: Strikes out swinging
|
Batting: RHB Steve Bartman Jr.
|
0-0: Ground out 6-3 (Groundball, 6M, EV 97.5 MPH)
|
Bottom of the 4th over - 0 runs, 0 hits, 0 errors, 0 left on base; Colorado 2 - Seattle 1 |
TOP OF THE 5TH |
Colorado Rockies batting - Pitching for Seattle Mariners : LHP Angel Contreras
|
Batting: RHB Leo Mair
|
0-0: Ball 1-0: Ball 2-0: Foul Ball, location: 2F 2-1: Swinging Strike 2-2: Strikes out swinging
|
Batting: RHB Rico Coss
|
0-0: Ball 1-0: Ball 2-0: Fly out, F9 (Line Drive, 9, EV 91.2 MPH)
|
Batting: LHB Fabiano Perrolas
|
0-0: Called Strike 0-1: Foul Ball, location: 2F 0-2: Foul Ball, location: 2F 0-2: Ball 1-2: Strikes out looking
|
Top of the 5th over - 0 runs, 0 hits, 0 errors, 0 left on base; Colorado 2 - Seattle 1 |
BOTTOM OF THE 5TH |
Seattle Mariners batting - Pitching for Colorado Rockies : RHP Link Zeller
|
Batting: LHB John Zumbo
|
0-0: Ball 1-0: Ball 2-0: Swinging Strike 2-1: Called Strike 2-2: Foul Ball, location: 2F 2-2: Ball 3-2: Ground out U3 (Groundball, 3L, EV 106.2 MPH)
|
Batting: RHB Young-kwang Ohnn
|
0-0: Called Strike 0-1: Ball 1-1: SINGLE (Line Drive, 6MD, EV 105.6 MPH)
|
Batting: RHB Corey Ottinger
|
0-0: Ball 1-0: Foul Ball, location: 2F 1-1: Ball 2-1: Ball 3-1: Foul Ball, location: 2F 3-2: Strikes out looking Young-kwang Ohnn is caught stealing 2nd base 2-4 Batter strikes out.
|
Bottom of the 5th over - 0 runs, 1 hit, 0 errors, 0 left on base; Colorado 2 - Seattle 1 |
TOP OF THE 6TH |
Colorado Rockies batting - Pitching for Seattle Mariners : LHP Angel Contreras
|
Batting: LHB Robert Watson
|
0-0: Called Strike 0-1: Ball 1-1: Ball 2-1: Ground out 4-3 (Groundball, 34, EV 95.6 MPH)
|
Batting: RHB Joel Haycock
|
0-0: Called Strike 0-1: Swinging Strike 0-2: Ball 1-2: Foul Ball, location: 2F 1-2: Foul Ball, location: 2F 1-2: Strikes out looking
|
Batting: RHB Roberto Rodriguez
|
0-0: Ball 1-0: Ball 2-0: Ball 3-0: Base on Balls
|
Pitching: RHP David Sly
|
|
Batting: SHB Chris Blue
|
0-0: Ball 1-0: Ball 2-0: Ground out U3 (Groundball, 3, EV 87.5 MPH)
|
Top of the 6th over - 0 runs, 0 hits, 0 errors, 1 left on base; Colorado 2 - Seattle 1 |
BOTTOM OF THE 6TH |
Seattle Mariners batting - Pitching for Colorado Rockies : RHP Link Zeller
|
Batting: RHB Jose Vasquez
|
0-0: Foul Ball, location: 2F 0-1: Ball 1-1: Fly out, F8 (Line Drive, 8LM, EV 94.4 MPH)
|
Batting: LHB Dae-ik Yoon
|
0-0: Foul Ball, location: 2F 0-1: Called Strike 0-2: Ball 1-2: Foul Ball, location: 2F 1-2: Foul Ball, location: 2F 1-2: Ball 2-2: SINGLE (Groundball, 34D, EV 102.5 MPH) (infield hit)
|
Batting: SHB Floyd-William Goof
|
0-0: Fly out, F7 (Flyball, 7LM, EV 103.1 MPH)
|
Batting: SHB Tze-meng Gan
|
0-0: Ball 1-0: Called Strike 1-1: Ball 2-1: Ball 3-1: Base on Balls Dae-ik Yoon to second
|
Batting: LHB Bi-jun Chien
|
0-0: Ball 1-0: 3-RUN HOME RUN (Flyball, 9D, EV 98.8 MPH), Distance : 386 ft
|
Batting: RHB Steve Bartman Jr.
|
0-0: Foul Ball, location: 2F 0-1: Foul Ball, location: 2F 0-2: Foul Ball, location: 2F 0-2: Ball 1-2: Ball 2-2: Ball 3-2: Foul Ball, location: 2F 3-2: Base on Balls
|
Pitching: RHP Trey Price
|
|
Batting: LHB John Zumbo
|
0-0: Ball 1-0: SINGLE (Groundball, 3D, EV 100.0 MPH) Steve Bartman Jr. to second Runner from 2nd tries for 3rd, SAFE, throw by RF made to third John Zumbo to second
|
Batting: RHB Young-kwang Ohnn
|
0-0: Called Strike 0-1: Called Strike 0-2: Foul Ball, location: 2F 0-2: Strikes out swinging
|
Bottom of the 6th over - 3 runs, 3 hits, 0 errors, 2 left on base; Colorado 2 - Seattle 4 |
TOP OF THE 7TH |
Colorado Rockies batting - Pitching for Seattle Mariners : RHP David Sly
|
Pitching: RHP William de Jesus
|
|
Batting: RHB Jason Andrews
|
0-0: Ball 1-0: Called Strike 1-1: Called Strike 1-2: Strikes out swinging
|
Batting: RHB Sterling Acosta
|
0-0: Ball 1-0: Swinging Strike 1-1: Called Strike 1-2: Foul Ball, location: 2F 1-2: Ball 2-2: Ball 3-2: Foul Ball, location: 2F 3-2: Base on Balls
|
Batting: RHB Leo Mair
|
0-0: Ball Sterling Acosta is caught stealing 2nd base 2-4 1-0: Ball 2-0: Ball 3-0: Called Strike 3-1: Swinging Strike 3-2: Strikes out swinging
|
Top of the 7th over - 0 runs, 0 hits, 0 errors, 0 left on base; Colorado 2 - Seattle 4 |
BOTTOM OF THE 7TH |
Seattle Mariners batting - Pitching for Colorado Rockies : RHP Trey Price
|
Batting: RHB Corey Ottinger
|
0-0: DOUBLE (Line Drive, 9LS, EV 95.6 MPH)
|
Pitching: RHP Oscar Munoz
|
|
Batting: RHB Jose Vasquez
|
0-0: Ball 1-0: TRIPLE (Line Drive, 89XD, EV 105.0 MPH) Corey Ottinger scores
|
Batting: LHB Dae-ik Yoon
|
0-0: Ball 1-0: Called Strike 1-1: Foul Ball, location: 2F 1-2: Ball 2-2: Ball 3-2: Ground out 4-3 (Groundball, 4, EV 85.0 MPH) Jose Vasquez scores
|
Batting: SHB Floyd-William Goof
|
0-0: Fly out, F8 (Flyball, 8LM, EV 82.5 MPH)
|
Batting: SHB Tze-meng Gan
|
0-0: Foul Ball, location: 2F 0-1: Foul Ball, location: 2F 0-2: SINGLE (Groundball, 34S, EV 84.4 MPH) (infield hit)
|
Batting: LHB Bi-jun Chien
|
0-0: Called Strike 0-1: Foul Ball, location: 2F 0-2: Strikes out swinging
|
Bottom of the 7th over - 2 runs, 3 hits, 0 errors, 1 left on base; Colorado 2 - Seattle 6 |
TOP OF THE 8TH |
Colorado Rockies batting - Pitching for Seattle Mariners : RHP William de Jesus
|
Batting: RHB Rico Coss
|
0-0: Called Strike 0-1: Called Strike 0-2: Foul Ball, location: 2F 0-2: Ground out U3 (Groundball, 3L, EV 78.8 MPH)
|
Batting: LHB Fabiano Perrolas
|
0-0: Ball 1-0: Ground out 4-3 (Groundball, 4, EV 93.1 MPH)
|
Batting: LHB Robert Watson
|
0-0: Fly out, F3 (Flyball, 3D, EV 88.1 MPH)
|
Top of the 8th over - 0 runs, 0 hits, 0 errors, 0 left on base; Colorado 2 - Seattle 6 |
BOTTOM OF THE 8TH |
Seattle Mariners batting - Pitching for Colorado Rockies : RHP Oscar Munoz
|
Pitching: LHP Ryan Fulford
|
|
Batting: RHB Steve Bartman Jr.
|
0-0: Called Strike 0-1: Ball 1-1: Swinging Strike 1-2: Ball 2-2: Ball 3-2: Base on Balls
|
Batting: LHB John Zumbo
|
0-0: Sac Bunt to 25 - play at first, batter OUT! 1-3 Steve Bartman Jr. to second
|
Batting: RHB Young-kwang Ohnn
|
0-0: Ball 1-0: Ground out 6-3 (Groundball, 6, EV 82.5 MPH) Steve Bartman Jr. to third
|
Batting: RHB Corey Ottinger
|
0-0: 2-RUN HOME RUN (Flyball, 7D, EV 96.9 MPH), Distance : 375 ft
|
Batting: RHB Jose Vasquez
|
0-0: Ball 1-0: SINGLE (Groundball, 25, EV 71.2 MPH) (infield hit)
|
Batting: LHB Dae-ik Yoon
|
0-0: Ball 1-0: Ball Jose Vasquez steals 2nd base 2-0: Called Strike 2-1: Called Strike 2-2: Foul Ball, location: 2F 2-2: Strikes out looking
|
Bottom of the 8th over - 2 runs, 2 hits, 0 errors, 1 left on base; Colorado 2 - Seattle 8 |
TOP OF THE 9TH |
Colorado Rockies batting - Pitching for Seattle Mariners : RHP William de Jesus
|
Batting: RHB Joel Haycock
|
0-0: Fly out, F8 (Flyball, 8LD, EV 100.6 MPH)
|
Batting: RHB Roberto Rodriguez
|
0-0: Foul Ball, location: 2F 0-1: Ground out 6-3 (Groundball, 6, EV 110.0 MPH)
|
Batting: SHB Chris Blue
|
0-0: Ball 1-0: Foul Ball, location: 2F 1-1: Foul Ball, location: 2F 1-2: Ball 2-2: Foul Ball, location: 2F 2-2: Ball 3-2: Strikes out swinging
|
Top of the 9th over - 0 runs, 0 hits, 0 errors, 0 left on base; Colorado 2 - Seattle 8 |
|